Workbook

Sheet OFERTA ECONOMICA
A1: CENTRO AGROPECUARIO LA GRANJA | B1: OFERTA ECONÓMICA
B4: OBJETO: CONTRATAR OBRAS MANTENIMIENTO DE BATERIAS SANITARIAS Y AMBIENTES DE FORMACION DEL CENTRO AGROPECUARIO LA GRANJA DEL ESPINAL - REGIONAL TOLIMA VIGENCIA 2026.
A6: ITEM | B6: DESCRIPCION | C6: CANTIDAD | D6: UNIDAD DE MEDIDA | E6: VR. UNITARIO | F6: VR. TOTAL | G6: VALOR UNITARIO OFERTADO | H6: VALOR TOTAL OFERTADO
A8: 1 | B8: DESMONTE APARATOS SANITARIOS, INCLUYE DESCONEXION DE TUBERIA, CARGUE, RETIRO Y DISPOSICION FINAL DE MATERIAL SOBRANTE | C8: =+SUM(C9:C23) -> 82 | D8: UN | E8: =+APU!T44 -> 10410 | F8: =+E8*C8 -> 853620 | G8: =E8-(E8*28%) -> 7495.2 | H8: =G8*C8 -> 614606.4
B9: CABAÑAS | C9: 8
B10: ALOJAMIENTOS MIXTOS | C10: 10
B11: ALOJAMIENTO ANTIGUO | C11: 8
B12: PORTERIA TECNOPARQUE | C12: 1
B13: HOMBRES FRENTE A GUADUA | C13: 6
B14: MUJERES FRENTE A GUADUA | C14: 6
B15: APRENDICES CASINO | C15: 6
B16: PORCINOS | C16: 6
B17: BAÑOS HOMBRES ADMINISTRATIVOS | C17: 6
B18: INSTRUCTORES HOMBRES | C18: 3
B19: INSTRUCTORES MUJERES | C19: 3
B20: AUTOEVALUACION | C20: 2
... B23: CASA AGRICOLA | C23: 8
A24: 2 | B24: SUMINISTRO E INSTALACION SANITARIOS AHORRADORES TIPO CORONA O SIMILAR, INCLUYE TAPA, ACCESORIOS, TUBERIAS Y TODOS LOS ELEMENTOS NECESARIOS PARA SU CORRECTA INSTALACION IN FUNCIONAMIENTO | C24: =+SUM(C25:C39) -> 65 | D24: UN | E24: =+APU!T99 -> 598067 | F24: =+E24*C24 -> 38874355 | G24: =E24-(E24*18%) -> 490414.94 | H24: =G24*C24 -> 31876971
B25: CABAÑAS | C25: 8
B26: ALOJAMIENTOS MIXTOS | C26: 10
B27: ALOJAMIENTO ANTIGUO | C27: 8
B28: PORTERIA TECNOPARQUE | C28: 1
B29: HOMBRES FRENTE A GUADUA | C29: 6
B30: MUJERES FRENTE A GUADUA | C30: 6
B31: APRENDICES CASINO | C31: 4
B32: PORCINOS | C32: 2
B33: BAÑOS HOMBRES ADMINISTRATIVOS | C33: 2
B34: INSTRUCTORES HOMBRES | C34: 3
B35: INSTRUCTORES MUJERES | C35: 3
B36: AUTOEVALUACION | C36: 1
... B39: CASA AGRICOLA | C39: 5
A40: 3 | B40: SUMINISTRO E INSTALACION LAVAMANOS DE PEDESTAL TIPO CORONA O SIMILAR, INCLUYE GRIFERIA, ACCESORIOS Y TODOS LOS ELEMENTOS NECESARIOS PARA SU CORRECTA INSTALACION Y FUNCIONAMIENTO | C40: =+SUM(C41:C47) -> 13 | D40: UN. | E40: =+APU!T153 -> 382255 | F40: =+E40*C40 -> 4969315 | G40: =E40-(E40*18%) -> 313449.1 | H40: =G40*C40 -> 4074838.3
B41: PORCINOS | C41: 4
B42: BAÑO HOMBRES ADMINISTRATIVOS | C42: 2
B43: AUTOEVALUACION | C43: 1
B44: ENFERMERIA | C44: 1
B45: POSCOSECHA | C45: 2
B46: PORTERIA TECNOPARQUE | C46: 1
B47: CASA AGRICOLA | C47: 2
A48: 4 | B48: SUMINISTRO EINSTALACION ORINAL, INCLUYE TODOS LOS ELEMENTOS NECESARIOS PARA SU CORRECTO FUNCIONAMIENTO | C48: =+SUM(C49:C51) -> 5 | D48: UN | E48: 536070 | F48: =+E48*C48 -> 2680350 | G48: =E48-(E48*18%) -> 439577.4 | H48: =G48*C48 -> 2197887
B49: CASA AGRICOLA | C49: 1
B50: APRENDICES CASINO | C50: 2
B51: ADMINISTRATIVOS HOMBRES | C51: 2
A52: 5 | B52: MANTENIMIENTO,REVISIÓN Y AJUSTE DE SER NECESARIO DE LOS PUNTOS HIDRÁULICOS EXISTENTES, EN INODOROS, LAVAMANOS Y DUCHAS. (INCLUYE CAMBIO DE LLAVES, MANGUERAS DE SUMINISTRO DE AGUA, EMPAQUETADURAS, SISTEMAS DE FLOTADOR, BUJES DE CONEXIÓN, POMAS, DUCHAS, SELLOS | C52: =+SUM(C53:C65) -> 131 | D52: UN | E52: =+APU!T208 -> 41124 | F52: =+E52*C52 -> 5387244 | G52: =E52-(E52*22%) -> 32076.72 | H52: =G52*C52 -> 4202050.3
B53: CABAÑAS | C53: =12*3 -> 36
B54: ALOJAMIENTOS MIXTOS | C54: 16
B55: ALOJAMIENTO ANTIGUO | C55: 12
B56: HOMBRES FRENTE A GUADUA | C56: 8
B57: MUJERES FRENTE A GUADUA | C57: 6
B58: BAÑOS AGROINDUSTRIA | C58: 6
B59: APRENDICES CASINO | C59: 5
B60: PORCINOS | C60: 10
B61: BAÑOS HOMBRES ADMINISTRATIVOS | C61: 3
B62: INSTRUCTORES MUJERES | C62: 4
B63: INSTRUCTORES HOMBRES | C63: 3
B64: LAVANDERIAS | C64: 12
B65: CASA AGRICOLA | C65: 10
A66: 6 | B66: MANTENIMIENTO Y LIMPIEZA DE PUNTOS DE DESAGUE (LAVAMANOS,ORINALES, INODOROS,DUCHAS), SONDEO DE SIFONES Y TUBERÍA INCLUYE CAMBIO DE LLAVES, Y RETIRO DE MATERIAL INCRUSTADO EN LA RED SANITARIA,(MEDIANTE LA APLICACIÓN DE SUSTANCIAS QUÍMICAS QUE PERMITAN LA DEGRADACIÓN Y EVACUACIÓN DE OBSTRUCCIONES | C66: =+SUM(C67:C80) -> 115 | D66: UN | E66: 48524 | F66: =+E66*C66 -> 5580260 | G66: =E66-(E66*28%) -> 34937.28 | H66: =G66*C66 -> 4017787.2
B67: CASINO | C67: 4
B68: CABAÑAS | C68: 12
B69: ALOJAMIENTOS MIXTOS | C69: 32
B70: ALOJAMIENTO ANTIGUO | C70: 8
B71: HOMBRES FRENTE A GUADUA | C71: 6
B72: MUJERES FRENTE A GUADUA | C72: 5
B73: BAÑOS AGROINDUSTRIA | C73: 4
B74: APRENDICES CASINO | C74: 4
B75: PORCINOS | C75: 8
B76: BAÑOS HOMBRES ADMINISTRATIVOS | C76: 2
B77: INSTRUCTORES MUJERES | C77: 3
B78: INSTRUCTORES HOMBRES | C78: 2
... B80: CASA AGRICOLA | C80: 11
A81: 7 | B81: LIMPIEZA Y DESMANCHADO DE PISOS ,DESMANCHADO DE INODORO, MEDIANTE LA UTILIZACIÓN DE SUSTANCIAS QUÍMICAS, LIMPIEZA DE ENCHAPE DE PARED, LIMPIEZA DE JUNTAS O UNIONES, DILATACIONES, LIMPIEZA DE LAVAMANOS, INCLUYE SUSTANCIAS LIMPIADORAS Y TODOS LOS ELEMENTOS REQUERIDOS PARA SU ADECUADA LIMPIEZA | C81: =+SUM(C82:C92) -> 367.78 | D81: M2 | E81: =+APU!T318 -> 6105 | F81: =+E81*C81 -> 2245296.9 | G81: =E81-(E81*30%) -> 4273.5 | H81: =G81*C81 -> 1571707.8
B82: CABAÑAS | C82: =6*4*4 -> 96
B83: ALOJAMIENTOS MIXTOS | C83: =10*2*4 -> 80
B84: ALOJAMIENTO ANTIGUO | C84: 18.6
B85: HOMBRES FRENTE A GUADUA | C85: 32
B86: MUJERES FRENTE A GUADUA | C86: 28
B87: BAÑOS AGROINDUSTRIA | C87: 26.92
B88: APRENDICES CASINO | C88: 16.78
B89: PORCINOS | C89: 25.48
B90: INSTRUCTORES MUJERES | C90: 16
B91: INSTRUCTORES HOMBRES | C91: 16
B92: CASA AGRICOLA | C92: 12
A93: 8 | B93: LABORATORIO AMBIENTAL
A94: 8.1 | B94: IMPERMEABILIZACION MUROS INTERNOS, LIMPIEZA Y RETIRO DE SOBRANTES, APLICACIÓN DE PAÑETE IMPERMEABILIZADO Y PINTURA EPOXICA DEL AREA INTERVENIDA | C94: 35 | D94: M2 | E94: =+APU!T373 -> 67223 | F94: =+E94*C94 -> 2352805 | G94: =E94-(E94*25%) -> 50417.25 | H94: =G94*C94 -> 1764603.8
A95: 9 | B95: AREA DE LAVANDERIAS
A96: 9.1 | B96: DEMOLICION MURO EXISTENTE, INCLUYE RETIRO DE MATERIAL DE DEMOLICION | C96: =2.5*2.8 -> 7 | D96: M2 | E96: =+APU!T428 -> 17504 | F96: =+E96*C96 -> 122528 | G96: =E96-(E96*22%) -> 13653.12 | H96: =G96*C96 -> 95571.84
A97: 9.2 | B97: CONSTRUCCION MURO EN BLOQUE No. 5 | C97: =+((2.5*2.8)*2)-(1.5*2) -> 11 | D97: M2 | E97: =+APU!T483 -> 53492 | F97: =+E97*C97 -> 588412 | G97: =E97-(E97*22%) -> 41723.76 | H97: =G97*C97 -> 458961.36
A98: 9.3 | B98: PAÑETE IMPERMEABILIZADO SOBRE MURO 1:3 | C98: =+C97*2 -> 22 | D98: M2 | E98: =+APU!T537 -> 51095 | F98: =+E98*C98 -> 1124090 | G98: =E98-(E98*22%) -> 39854.1 | H98: =G98*C98 -> 876790.2
A99: 9.4 | B99: PINTURA ESMALTE SOBRE MURO TRES MANOS | C99: =+C98 -> 22 | D99: M2 | E99: =+APU!T592 -> 13150 | F99: =+E99*C99 -> 289300 | G99: =E99-(E99*22%) -> 10257 | H99: =G99*C99 -> 225654
A100: 9.5 | B100: CONCRETO DE 3000 PSI PARA VIGUETAS Y COLUMNETAS | C100: 0.16199924 | D100: M3 | E100: =+APU!T650 -> 636503 | F100: =+E100*C100 -> 103113 | G100: =E100-(E100*22%) -> 496472.34 | H100: =G100*C100 -> 80428.14
A101: 9.6 | B101: SUMINISTRO Y COLOCACION DE ACERO DE REFUERZO, INCLUYE SUMINISTRO, FIGURADO, INSTALACION Y ANCLAJE | C101: 24.3 | D101: KG | E101: =+APU!T707 -> 7701 | F101: =+E101*C101 -> 187134.3 | G101: =E101-(E101*22%) -> 6006.78 | H101: =G101*C101 -> 145964.75
A102: 9.7 | B102: SUMINISTRO E INSTALACION PUERTA 1,50 X 2,0 M. | C102: 1 | D102: UN | E102: =+APU!T760 -> 985000 | F102: =+E102*C102 -> 985000 | G102: =E102-(E102*22%) -> 768300 | H102: =G102*C102 -> 768300
A103: 9.8 | B103: SUMINISTRO E INSTALACION PUNTOS HIDRAULICOS | C103: 8 | D103: UN | E103: =+APU!T817 -> 40410 | F103: =+E103*C103 -> 323280 | G103: =E103-(E103*22%) -> 31519.8 | H103: =G103*C103 -> 252158.4
A104: 9.9 | B104: SALIDA SANITARIA 2" PARA LAVADORAS | C104: 4 | D104: UN | E104: =+APU!T875 -> 64332 | F104: =+E104*C104 -> 257328 | G104: =E104-(E104*22%) -> 50178.96 | H104: =G104*C104 -> 200715.84
A105: 9.1 | B105: PUNTO SALIDA SECADORA | C105: 4 | D105: UN | E105: =+APU!T932 -> 45210 | F105: =+E105*C105 -> 180840 | G105: =E105-(E105*22%) -> 35263.8 | H105: =G105*C105 -> 141055.2
A106: 9.11 | B106: SALIDA TOMA CORRIENTE DOBLE EN MURO | C106: 8 | D106: UN | E106: =+APU!T994 -> 118749 | F106: =+E106*C106 -> 949992 | G106: =E106-(E106*22%) -> 92624.22 | H106: =G106*C106 -> 740993.76
A107: 10 | B107: CASA AGRICOLA
A108: 10.1 | B108: DESMONTE MUROS DE SUPERBOARD, INCLUYE RETIRO | C108: =(9.06*3*2)+(3.1 *3) -> 63.66 | D108: M2 | E108: =+APU!T1049 -> 13776 | F108: =+E108*C108 -> 876980.16 | G108: =E108-(E108*22%) -> 10745.28 | H108: =G108*C108 -> 684044.52
A109: 10.2 | B109: SUMINISTRO E INSTALACION SUPERBOARD A 2 CARAS, INCLUYE ARREGLO DE ESTRUCTURAS DE SOPORTE, MASILLADO, ENCINTADO, LIJADO Y PINTURA A 2 MANOS | C109: =(9.06*3*2)+(3.1 *3) -> 63.66 | D109: M2 | E109: =+APU!T1108 -> 139265 | F109: =+E109*C109 -> 8865609.9 | G109: =E109-(E109*22%) -> 108626.7 | H109: =G109*C109 -> 6915175.7
...

Sheet APU
A1: LAVA | E1: DIRECCIÓN ADMINISTRATIVA Y FINANCIERA GRUPO CONSTRUCCIONES | T1: GIL-F-061 V.1
E4: ANÁLISIS DE PRECIOS UNITARIOS
A6: A. DATOS GENERALES
A7: CONTRATO No: | E7: DE | J7: FECHA INICIO | P7: FECHA TERMINACIÓN
A8: OBJETO DEL CONTRATO: | E8: OBJETO: “CONTRATAR OBRAS PARA EL MANTENIMIENTO DE LAS BATERIAS SANITARIAS Y LOS AMBIENTES DE FORMACIÓNDEL CENTRO AGROPECUARIO LA GRANJA DEL ESPINAL – REGIONAL TOLIMA VIGENCIA 2026”.
A9: CONTRATISTA:
A10: INTERVENTOR:
A11: SUPERVISOR:
A13: B. DATOS ESPECIFICOS
A14: Item | C14: Descripción | R14: Unidad | T14: Cantidad
A15: 1 | C15: =+'OFERTA ECONOMICA'!B8 -> DESMONTE APARATOS SANITARIOS, INCLUYE DESCONEXION DE TUBERIA, CARGUE, RETIRO Y DISPOSICION FINAL DE MATERIAL SOBRANTE | R15: =+'OFERTA ECONOMICA'!D8 -> UN | T15: =+'OFERTA ECONOMICA'!C8 -> 82
A17: 1. Equipo
A18: Descripción | H18: Marca | K18: Tipo | O18: Tarifa/Hora | R18: Rendimiento | T18: Vr. Unitario
A20: HERRAMIENTA MENOR | R20: 0.03 | T20: =+R20*T40 -> 233.292
A22: SUBTOTAL | T22: =+T20+T19 -> 233.292
A24: 2. Materiales
A25: Descripción | M25: Unidad | O25: Cantidad | Q25: Precio Unit. | T25: Vr Unitario
T26: =+Q26*O26 -> 0
T27: =+Q27*O27 -> 0
A29: SUBTOTAL | T29: =+T27+T26 -> 0
A31: 3. Transportes
A32: Material | K32: Vol. o Peso | M32: Distancia | O32: m2 o Ton/Km | R32: Tarifa | T32: Vr. Unitario
A33: VOLQUETA 7 M | K33: 0.1 | M33: 20 | R33: 1200 | T33: =+R33*M33*K33 -> 2400
A36: SUBTOTAL | T36: =+T33 -> 2400
A38: 4. Mano de Obra
A39: Trabajador | J39: Jornal | L39: Prestac. | N39: hc | Q39: Rendimiento | T39: Vr. Unitario
A40: HORA CUADRILLA AA - ALBAÑILERIA | J40: 171314.64 | L40: 1.8157 | N40: =+(L40*J40)/8 -> 38882 | Q40: 0.2 | T40: =+Q40*N40 -> 7776.4
A43: SUBTOTAL | T43: =+T40 -> 7776.4
A44: TOTAL COSTO DIRECTO | T44: =ROUND(T43+T36+T29+T22,0) -> 10410
A45: AU CONTRACTUAL | B45: =+'[1]CARGA PRESTACIONAL'!$E$40 -> 0.2995 | S45: TOTAL COSTO INDIRECTO | T45: =+T44*B45 -> 3117.795
A46: VALOR TOTAL ACTIVIDAD | T46: =+T45+T44 -> 13527.795
A47: VALOR RECURSOS NECESARIOS PARA LA EJECUCIÓN DE LA ACTIVIDAD | T47: =ROUND(T46*T15,0) -> 1109279
A49: Para constancia de lo anterior, se firma la presente acta bajo la responsabilidad expresa de los que intervienen en ella, de conformidad con las funciones desempeñadas por cada uno de los mismos, de acuerdo con el manual de interventoría, en el Espinal Tolima a los veintiseis (26 ) días, del mes febrero del año 2026.
E51: Firma:
E52: ADRIANA MAGALY CAMACHO PARRA
E56: DIRECCIÓN ADMINISTRATIVA Y FINANCIERA GRUPO CONSTRUCCIONES | T56: GIL-F-061 V.1
E59: ANÁLISIS DE PRECIOS UNITARIOS
A61: A. DATOS GENERALES
A62: CONTRATO No: | E62: DE | J62: FECHA INICIO | P62: FECHA TERMINACIÓN
A63: OBJETO DEL CONTRATO: | E63: OBJETO: “CONTRATAR OBRAS PARA EL MANTENIMIENTO DE LAS BATERIAS SANITARIAS Y LOS AMBIENTES DE FORMACIÓNDEL CENTRO AGROPECUARIO LA GRANJA DEL ESPINAL – REGIONAL TOLIMA VIGENCIA 2026”.
A64: CONTRATISTA:
A65: INTERVENTOR:
A66: SUPERVISOR:
A68: B. DATOS ESPECIFICOS
A69: Item | C69: Descripción | R69: Unidad | T69: Cantidad
A70: 2 | C70: =+'OFERTA ECONOMICA'!B24 -> SUMINISTRO E INSTALACION SANITARIOS AHORRADORES TIPO CORONA O SIMILAR, INCLUYE TAPA, ACCESORIOS, TUBERIAS Y TODOS LOS ELEMENTOS NECESARIOS PARA SU CORRECTA INSTALACION IN FUNCIONAMIENTO | R70: UN. | T70: =+'OFERTA ECONOMICA'!C24 -> 65
A72: 1. Equipo
A73: Descripción | H73: Marca | K73: Tipo | O73: Tarifa/Hora | R73: Rendimiento | T73: Vr. Unitario
A75: HERRAMIENTA MENOR | R75: 0.03 | T75: =+R75*T95 -> 524.907
A77: SUBTOTAL | T77: =+T75+T74 -> 524.907
A79: 2. Materiales
A80: Descripción | M80: Unidad | O80: Cantidad | Q80: Precio Unit. | T80: Vr Unitario
A81: CEMENTO BLANCO | M81: KG | O81: 1 | Q81: 2245 | T81: =+Q81*O81 -> 2245
A82: ACOPLE PARA SANITARIO | M82: UND | O82: 1 | Q82: 17900 | T82: =+Q82*O82 -> 17900
A83: SANITARIO AHORRADOR ALONGADO, INCLUY GRIFERIA | M83: UND | O83: 1 | Q83: 559900 | T83: =+Q83*O83 -> 559900
A84: SUBTOTAL | T84: =+SUM(T81:V83) -> 580045
A86: 3. Transportes
A87: Material | K87: Vol. o Peso | M87: Distancia | O87: m2 o Ton/Km | R87: Tarifa | T87: Vr. Unitario
A91: SUBTOTAL
A93: 4. Mano de Obra
A94: Trabajador | J94: Jornal | L94: Prestac. | N94: hc | Q94: Rendimiento | T94: Vr. Unitario
A95: HORA CUADRILLA AA - ALBAÑILERIA | J95: =+J40 -> 171314.64 | L95: 1.8157 | N95: =+(L95*J95)/8 -> 38882 | Q95: 0.45 | T95: =+Q95*N95 -> 17496.9
A98: SUBTOTAL | T98: =+T95 -> 17496.9
A99: TOTAL COSTO DIRECTO | T99: =ROUND(T98+T91+T84+T77,0) -> 598067
A100: AU CONTRACTUAL | B100: =+'[1]CARGA PRESTACIONAL'!$E$40 -> 0.2995 | S100: TOTAL COSTO INDIRECTO | T100: =+T99*B100 -> 179121.07
A101: VALOR TOTAL ACTIVIDAD | T101: =+T100+T99 -> 777188.07
A102: VALOR RECURSOS NECESARIOS PARA LA EJECUCIÓN DE LA ACTIVIDAD | T102: =ROUND(T101*T70,0) -> 50517224
A104: Para constancia de lo anterior, se firma la presente acta bajo la responsabilidad expresa de los que intervienen en ella, de conformidad con las funciones desempeñadas por cada uno de los mismos, de acuerdo con el manual de interventoría, en el Espinal Tolima a los veintiseis (26 ) días, del mes febrero del año 2026.
E106: Firma:
E107: ADRIANA MAGALY CAMACHO PARRA
E110: DIRECCIÓN ADMINISTRATIVA Y FINANCIERA GRUPO CONSTRUCCIONES | T110: GIL-F-061 V.1
E113: ANÁLISIS DE PRECIOS UNITARIOS
A115: A. DATOS GENERALES
A116: CONTRATO No: | E116: DE | J116: FECHA INICIO | P116: FECHA TERMINACIÓN
A117: OBJETO DEL CONTRATO: | E117: OBJETO: “CONTRATAR OBRAS PARA EL MANTENIMIENTO DE LAS BATERIAS SANITARIAS Y LOS AMBIENTES DE FORMACIÓNDEL CENTRO AGROPECUARIO LA GRANJA DEL ESPINAL – REGIONAL TOLIMA VIGENCIA 2026”.
A118: CONTRATISTA:
A119: INTERVENTOR:
A120: SUPERVISOR:
A122: B. DATOS ESPECIFICOS
A123: Item | C123: Descripción | R123: Unidad | T123: Cantidad
A124: 3 | C124: =+'OFERTA ECONOMICA'!B40 -> SUMINISTRO E INSTALACION LAVAMANOS DE PEDESTAL TIPO CORONA O SIMILAR, INCLUYE GRIFERIA, ACCESORIOS Y TODOS LOS ELEMENTOS NECESARIOS PARA SU CORRECTA INSTALACION Y FUNCIONAMIENTO | R124: UN. | T124: =+'OFERTA ECONOMICA'!C80 -> 11
A126: 1. Equipo
A127: Descripción | H127: Marca | K127: Tipo | O127: Tarifa/Hora | R127: Rendimiento | T127: Vr. Unitario
A129: HERRAMIENTA MENOR | R129: 0.03 | T129: =+R129*T149 -> 489.9132
A131: SUBTOTAL | T131: =+T129+T128 -> 489.9132
A133: 2. Materiales
A134: Descripción | M134: Unidad | O134: Cantidad | Q134: Precio Unit. | T134: Vr Unitario
A135: CEMENTO BLANCO | M135: KG | O135: 1 | Q135: 2245 | T135: =+Q135*O135 -> 2245
A136: GRIFERIA Y ACCESORIOS | M136: UND | O136: 1 | Q136: 13800 | T136: =+Q136*O136 -> 13800
A137: LAVAMANOS DE PEDESTAL TIPO CORONA O SIMILAR | M137: UND | O137: 1 | Q137: 349390 | T137: =+Q137*O137 -> 349390
A138: SUBTOTAL | T138: =+SUM(T135:V137) -> 365435
A140: 3. Transportes
A141: Material | K141: Vol. o Peso | M141: Distancia | O141: m2 o Ton/Km | R141: Tarifa | T141: Vr. Unitario
A145: SUBTOTAL
A147: 4. Mano de Obra
A148: Trabajador | J148: Jornal | L148: Prestac. | N148: hc | Q148: Rendimiento | T148: Vr. Unitario
A149: HORA CUADRILLA AA - ALBAÑILERIA | J149: =+J95 -> 171314.64 | L149: 1.8157 | N149: =+(L149*J149)/8 -> 38882 | Q149: 0.42 | T149: =+Q149*N149 -> 16330.44
A152: SUBTOTAL | T152: =+T149 -> 16330.44
A153: TOTAL COSTO DIRECTO | T153: =ROUND(T152+T145+T138+T131,0) -> 382255
A154: AU CONTRACTUAL | B154: =+'[1]CARGA PRESTACIONAL'!$E$40 -> 0.2995 | S154: TOTAL COSTO INDIRECTO | T154: =+T153*B154 -> 114485.37
...

Sheet DESPIECE GANADERIA
A2: ESTRUCTURA METALICA CORRAL TORILES GANADERIA
A4: PERFILES | B4: LONG | C4: CANTIDAD | D4: TOTAL
A5: VERTICALES | B5: 1.73 | C5: 14 | D5: =+C5*B5 -> 24.22
A6: CORREAS | B6: 26.15 | C6: 10 | D6: =+C6*B6 -> 261.5
A7: CUCHILAS HORIZONTAL | B7: 11.59 | C7: 7 | D7: =+C7*B7 -> 81.13
A8: CUCHILLAS INCLINADAS | B8: 12 | C8: 7 | D8: =+C8*B8 -> 84
A9: CERCHA 1 | B9: 0.52 | C9: 14 | D9: =+C9*B9 -> 7.28
A10: CERCHA 2 | B10: 0.15 | C10: 14 | D10: =+C10*B10 -> 2.1
A11: CERCHA 3 | B11: 0.85 | C11: 7 | D11: =+C11*B11 -> 5.95
A12: PUERTA HORIZONTAL | B12: 1.04 | C12: 14 | D12: =+C12*B12 -> 14.56
A13: PUERTA VERTICAL | B13: 1.1 | C13: 14 | D13: =+C13*B13 -> 15.4
A14: TOTAL ML | D14: =+SUM(D5:D13) -> 496.14

Sheet APU (2)
E1: DIRECCIÓN ADMINISTRATIVA Y FINANCIERA GRUPO CONSTRUCCIONES | T1: GIL-F-061 V.1
E4: ANÁLISIS DE PRECIOS UNITARIOS
A6: A. DATOS GENERALES
A7: CONTRATO No: | E7: DE | J7: FECHA INICIO | P7: FECHA TERMINACIÓN
A8: OBJETO DEL CONTRATO: | E8: OBJETO: “CONTRATAR OBRAS PARA EL MANTENIMIENTO DE LAS BATERIAS SANITARIAS Y LOS AMBIENTES DE FORMACIÓNDEL CENTRO AGROPECUARIO LA GRANJA DEL ESPINAL – REGIONAL TOLIMA VIGENCIA 2026”.
A9: CONTRATISTA:
A10: INTERVENTOR:
A11: SUPERVISOR:
A13: B. DATOS ESPECIFICOS
A14: Item | C14: Descripción | R14: Unidad | T14: Cantidad
A15: 1.1 | C15: =+'OFERTA ECONOMICA'!B130 -> LIMPIEZA DE CARA INTERIOR CUBIERTA Y ESTRUCTURA DE CUBIERTA, INCLUYE PERSONAL CALIFICADO, ANDAMIOS CERTIFICADOS Y TODOS LOS INSUMOS NECESARIOS PARA SU CORRECTA EJECUCION | R15: Unidad | T15: 2
A17: 1. Equipo
A18: Descripción | H18: Marca | K18: Tipo | O18: Tarifa/Hora | R18: Rendimiento | T18: Vr. Unitario
A19: HIDROLAVADORA | O19: =68500/8 -> 8562.5 | R19: 60 | T19: =+R19*O19 -> 513750
A20: HERRAMIENTA MENOR | R20: 0.03 | T20: =+T43*R20 -> 46658.4
A22: SUBTOTAL | T22: =+SUM(T19:V21) -> 560408.4
A24: 2. Materiales
A25: Descripción | M25: Unidad | O25: Cantidad | Q25: Precio Unit. | T25: Vr Unitario
A29: SUBTOTAL | T29: =+SUM(T26:V28) -> 0
A31: 3. Transportes
A32: Material | K32: Vol. o Peso | M32: Distancia | O32: m2 o Ton/Km | R32: Tarifa | T32: Vr. Unitario
A36: SUBTOTAL
A38: 4. Mano de Obra
A39: Trabajador | J39: Jornal | L39: Prestac. | N39: hc | Q39: Rendimiento | T39: Vr. Unitario
A40: HORA CUADRILLA AA - ALBAÑILERIA | J40: =+'[1]CARGA PRESTACIONAL'!E35+'[1]CARGA PRESTACIONAL'!E36 -> 171314.64 | L40: 1.8157 | N40: =+(L40*J40)/8 -> 38882 | Q40: 40 | T40: =+Q40*N40 -> 1555280
A43: SUBTOTAL | T43: =+T40 -> 1555280
A44: TOTAL COSTO DIRECTO | T44: =ROUND(T43+T36+T29+T22,0) -> 2115688
A45: AU CONTRACTUAL | B45: =+'[1]CARGA PRESTACIONAL'!$E$40 -> 0.2995 | S45: TOTAL COSTO INDIRECTO | T45: =+T44*B45 -> 633648.56
A46: VALOR TOTAL ACTIVIDAD | T46: =+T45+T44 -> 2749336.6
A47: VALOR RECURSOS NECESARIOS PARA LA EJECUCIÓN DE LA ACTIVIDAD | T47: =ROUND(T46*T15,0) -> 5498673
A49: Para constancia de lo anterior, se firma la presente acta bajo la responsabilidad expresa de los que intervienen en ella, de conformidad con las funciones desempeñadas por cada uno de los mismos, de acuerdo con el manual de interventoría, en el Espinal Tolima a los veintiseis (26 ) días, del mes febrero del año 2026.
E51: Firma:
E52: ADRIANA MAGALY CAMACHO PARRA
E55: DIRECCIÓN ADMINISTRATIVA Y FINANCIERA GRUPO CONSTRUCCIONES | T55: GIL-F-061 V.1
E58: ANÁLISIS DE PRECIOS UNITARIOS
A60: A. DATOS GENERALES
A61: CONTRATO No: | E61: DE | J61: FECHA INICIO | P61: FECHA TERMINACIÓN
A62: OBJETO DEL CONTRATO: | E62: OBJETO: “CONTRATAR OBRAS PARA EL MANTENIMIENTO DE LAS BATERIAS SANITARIAS Y LOS AMBIENTES DE FORMACIÓNDEL CENTRO AGROPECUARIO LA GRANJA DEL ESPINAL – REGIONAL TOLIMA VIGENCIA 2026”.
A63: CONTRATISTA:
A64: INTERVENTOR:
A65: SUPERVISOR:
A67: B. DATOS ESPECIFICOS
A68: Item | C68: Descripción | R68: Unidad | T68: Cantidad
A69: 2.1 | C69: =+'OFERTA ECONOMICA'!B132 -> SUMINISTRO Y COLOCACION BALDOSA CERAMICA TRAFICO PESADO, INCLUYE MORTERO DE NIVELACION Y DE PEGA | R69: M2 | T69: =+'OFERTA ECONOMICA'!C132 -> 21
A71: 1. Equipo
A72: Descripción | H72: Marca | K72: Tipo | O72: Tarifa/Hora | R72: Rendimiento | T72: Vr. Unitario
A74: HERRAMIENTA MENOR | R74: 0.03 | T74: =+R74*T94 -> 524.907
A76: SUBTOTAL | T76: =+SUM(T73:V75) -> 524.907
A78: 2. Materiales
A79: Descripción | M79: Unidad | O79: Cantidad | Q79: Precio Unit. | T79: Vr Unitario
A80: CERAMICA BLANCA 20 X 20 | M80: M2 | O80: 1 | Q80: 22900 | T80: =+Q80*O80 -> 22900
A81: PEGACOR BLANCO | M81: KG | O81: 3 | Q81: 2072 | T81: =+Q81*O81 -> 6216
A82: MORTERO 1:3 | M82: M3 | O82: 0.08 | Q82: 417590 | T82: =+Q82*O82 -> 33407.2
A83: SUBTOTAL | T83: =+SUM(T80:V82) -> 62523.2
A85: 3. Transportes
A86: Material | K86: Vol. o Peso | M86: Distancia | O86: m2 o Ton/Km | R86: Tarifa | T86: Vr. Unitario
A90: SUBTOTAL
A92: 4. Mano de Obra
A93: Trabajador | J93: Jornal | L93: Prestac. | N93: hc | Q93: Rendimiento | T93: Vr. Unitario
A94: HORA CUADRILLA AA - ALBAÑILERIA | J94: =+J40 -> 171314.64 | L94: 1.8157 | N94: =+(L94*J94)/8 -> 38882 | Q94: 0.45 | T94: =+Q94*N94 -> 17496.9
A97: SUBTOTAL | T97: =+T94 -> 17496.9
A98: TOTAL COSTO DIRECTO | T98: =ROUND(T97+T90+T83+T76,0) -> 80545
A99: AU CONTRACTUAL | B99: =+'[1]CARGA PRESTACIONAL'!$E$40 -> 0.2995 | S99: TOTAL COSTO INDIRECTO | T99: =+T98*B99 -> 24123.228
A100: VALOR TOTAL ACTIVIDAD | T100: =+T99+T98 -> 104668.23
A101: VALOR RECURSOS NECESARIOS PARA LA EJECUCIÓN DE LA ACTIVIDAD | T101: =ROUND(T100*T69,0) -> 2198033
A103: Para constancia de lo anterior, se firma la presente acta bajo la responsabilidad expresa de los que intervienen en ella, de conformidad con las funciones desempeñadas por cada uno de los mismos, de acuerdo con el manual de interventoría, en el Espinal Tolima a los veintiseis (26 ) días, del mes febrero del año 2026.
E105: Firma:
E106: ADRIANA MAGALY CAMACHO PARRA
E110: DIRECCIÓN ADMINISTRATIVA Y FINANCIERA GRUPO CONSTRUCCIONES | T110: GIL-F-061 V.1
E113: ANÁLISIS DE PRECIOS UNITARIOS
A115: A. DATOS GENERALES
A116: CONTRATO No: | E116: DE | J116: FECHA INICIO | P116: FECHA TERMINACIÓN
A117: OBJETO DEL CONTRATO: | E117: OBJETO: “CONTRATAR OBRAS PARA EL MANTENIMIENTO DE LAS BATERIAS SANITARIAS Y LOS AMBIENTES DE FORMACIÓNDEL CENTRO AGROPECUARIO LA GRANJA DEL ESPINAL – REGIONAL TOLIMA VIGENCIA 2026”.
A118: CONTRATISTA:
A119: INTERVENTOR:
A120: SUPERVISOR:
A122: B. DATOS ESPECIFICOS
A123: Item | C123: Descripción | R123: Unidad | T123: Cantidad
A124: 2.2 | C124: =+'OFERTA ECONOMICA'!#REF! -> #REF! | R124: ML | T124: =+'OFERTA ECONOMICA'!#REF! -> #REF!
A126: 1. Equipo
A127: Descripción | H127: Marca | K127: Tipo | O127: Tarifa/Hora | R127: Rendimiento | T127: Vr. Unitario
A129: HERRAMIENTA MENOR | R129: 0.03 | T129: =+R129*T149 -> 349.938
A131: SUBTOTAL | T131: =+T129+T128 -> 349.938
A133: 2. Materiales
A134: Descripción | M134: Unidad | O134: Cantidad | Q134: Precio Unit. | T134: Vr Unitario
A135: CERAMICA BLANCA 20 X 20 | M135: M2 | O135: 0.1 | Q135: 22900 | T135: =+Q135*O135 -> 2290
A136: PEGACOR BLANCO | M136: KG | O136: 3 | Q136: 2072 | T136: =+Q136*O136 -> 6216
A137: MORTERO 1:3 | M137: M3 | O137: 0.033 | Q137: 417590 | T137: =+Q137*O137 -> 13780.47
A138: SUBTOTAL | T138: =+SUM(T135:V137) -> 22286.47
A140: 3. Transportes
A141: Material | K141: Vol. o Peso | M141: Distancia | O141: m2 o Ton/Km | R141: Tarifa | T141: Vr. Unitario
A145: SUBTOTAL
A147: 4. Mano de Obra
A148: Trabajador | J148: Jornal | L148: Prestac. | N148: hc | Q148: Rendimiento | T148: Vr. Unitario
A149: HORA CUADRILLA AA - ALBAÑILERIA | J149: =+J40 -> 171314.64 | L149: 1.8157 | N149: =+(L149*J149)/8 -> 38882 | Q149: 0.3 | T149: =+Q149*N149 -> 11664.6
A152: SUBTOTAL | T152: =+T149 -> 11664.6
A153: TOTAL COSTO DIRECTO | T153: =ROUND(T152+T145+T138+T131,0) -> 34301
A154: AU CONTRACTUAL | B154: =+'[1]CARGA PRESTACIONAL'!$E$40 -> 0.2995 | S154: TOTAL COSTO INDIRECTO | T154: =+T153*B154 -> 10273.149
A155: VALOR TOTAL ACTIVIDAD | T155: =+T154+T153 -> 44574.149
A156: VALOR RECURSOS NECESARIOS PARA LA EJECUCIÓN DE LA ACTIVIDAD | T156: =ROUND(T155*T124,0) -> #REF!
...
